 Dungeon Crawl Stone Soup version 0.24-a0-458-gfcb5e6da0e (webtiles) character file.

Game seed: 4476159420532635309

13173 Krouwed the Dealer of Despair (level 11, 0/92 HPs)
             Began as a Demonspawn Necromancer on June 27, 2019.
             Was an Elder of Kikubaaqudgha.
             Succumbed to a guardian serpent's bolt of poison
             ... on level 12 of the Dungeon.
             The game lasted 01:02:19 (14072 turns).

Krouwed the Dealer of Despair (DsNe)               Turns: 14072, Time: 01:02:19

Health: 0/92       AC: 10    Str: 13    XL:     11   Next: 72%
Magic:  19/23      EV: 12    Int: 18    God:    Kikubaaqudgha [****..]
Gold:   549        SH:  5    Dex: 14    Spells: 4/26 levels left

rFire    . . .     SeeInvis .   g - +2 short sword (elec)
rCold    . . .     Gourm    .   A - +0 buckler
rNeg     + . .     Faith    .   D - +2 leather armour {MR+}
rPois    .         Spirit   .   N - +0 helmet
rElec    .         Reflect  .   (no cloak)
rCorr    .         Harm     .   O - +0 pair of gloves {Str+3}
MR       ++...                  (no boots)
Stlth    ++........             (no amulet)
HPRegen  0.25/turn              B - ring of positive energy
MPRegen  0.18/turn              r - ring of protection from magic

@: lethally poisoned (0 -> -3)
A: talons 2, yellow scales 2, demonic guardian 1, robust 1
a: Receive Corpses, Renounce Religion


You were on level 12 of the Dungeon.
You worshipped Kikubaaqudgha.
Kikubaaqudgha was greatly pleased with you.
You were hungry.

You visited 2 branches of the dungeon, and saw 13 of its levels.

You collected 721 gold pieces.
You spent 172 gold pieces at shops.

Inventory:

Hand Weapons
 g - a +2 short sword of electrocution (weapon)
 L - a +1 short sword of venom
Missiles
 j - 67 poisoned darts (quivered)
 F - a throwing net
 I - 5 atropa-tipped darts
Armour
 A - a +0 buckler (worn)
 D - a +2 leather armour of magic resistance (worn)
 N - a +0 helmet (worn)
 O - a +0 pair of gloves of strength (worn)
Jewellery
 e - an uncursed ring of ice
 r - a ring of protection from magic (right hand)
 s - an uncursed ring of flight
 y - an uncursed ring of resist corrosion
 B - a ring of positive energy (left hand)
 J - a +3 ring of evasion {unknown}
Wands
 i - a wand of polymorph (14)
 z - a wand of iceblast (8)
 K - a wand of flame (27)
Scrolls
 a - a scroll of magic mapping
 b - 2 scrolls of identify
 d - a scroll of immolation
 h - 6 scrolls of amnesia
 k - 2 scrolls of blinking
 m - 3 scrolls of enchant armour
 n - 5 scrolls of remove curse
 q - a scroll of silence
 E - a scroll of holy word
 G - a scroll of torment
 H - 7 scrolls of teleportation
Potions
 f - 2 potions of flight
 l - 2 potions of ambrosia
 o - 2 potions of brilliance
 p - 3 potions of invisibility
 u - 6 potions of curing
 v - 2 potions of agility
 w - 2 potions of mutation
 x - 2 potions of berserk rage
 C - a potion of lignification
Miscellaneous
 M - a fan of gales
Comestibles
 c - 17 rations


   Skills:
 + Level 7.4 Fighting
 + Level 6.8 Short Blades
 - Level 1.7 Dodging
 - Level 1.7 Stealth
 - Level 4.1 Shields
 + Level 8.0 Spellcasting
 + Level 11.5 Necromancy
 + Level 7.0 Earth Magic


You had 4 spell levels left.
You knew the following spells:

 Your Spells              Type           Power        Failure   Level  Hunger
a - Pain                  Necr           ####         1%          1    None
c - Vampiric Draining     Necr           #####.....   1%          3    #......
d - Animate Dead          Necr           N/A          1%          4    ###....
e - Passwall              Tmut/Erth      ###.....     4%          2    None
f - Corpse Rot            Necr           N/A          1%          2    None
g - Dispel Undead         Necr           #####...     3%          5    #####..
h - Borgnjor's Vile Clut  Necr/Erth      #####.....   8%          5    #####..

Your spell library contained the following spells:

 Spells                   Type           Power        Failure   Level  Hunger
 Animate Skeleton         Necr           N/A          1%          1    None
 Sandblast                Erth           ####..       1%          1    None
 Sublimation of Blood     Necr           #####.....   1%          2    None
 Regeneration             Chrm/Necr      ####......   3%          3    #......
 Stone Arrow              Conj/Erth      ###...       9%          3    #......
 Flame Tongue             Conj/Fire      #....        12%         1    None
 Throw Flame              Conj/Fire      #.....       19%         2    None
 Petrify                  Tmut/Erth      ###.....     28%         4    ###....
 Conjure Flame            Conj/Fire      #.......     36%         3    #......
 Inner Flame              Hex/Fire       #.......     36%         3    #......
 Sticky Flame             Conj/Fire      #.......     77%         4    ###....
 Agony                    Necr           #####...     3%          5    #####..
 Lee's Rapid Deconstruct  Erth           ####......   19%         5    #####..
 Bolt of Draining         Conj/Necr      ####......   32%         5    #####..
 Fireball                 Conj/Fire      #.........   98%         5    #####..


Dungeon Overview and Level Annotations

Branches:
Dungeon (12/15)            Temple (1/1) D:7            Lair (0/6) D:11
    Orc (0/2) D:9

Altars:
Ashenzari
Cheibriados
Dithmenos
Elyvilon
Fedhas
Gozag
Hepliaklqana
Kikubaaqudgha
Makhleb
Nemelex Xobeh
Okawaru
Qazlal
Ru
Sif Muna
Trog
Uskayaw
Vehumet
Wu Jian
Xom
Yredelemnul
Zin
The Shining One
Beogh

Shops:
D:5 (   D:11 [

Portals:
Trove: D:12 (give 7 potions of agility)


Innate Abilities, Weirdness & Mutations

You have razor-sharp toenails.
You are mostly covered in yellow scales. (AC +3)
A weak demonic guardian rushes to your aid.
You are robust. (+10% HP)


Message History

You hit the komodo dragon but do no damage.
The komodo dragon is lightly wounded.
The komodo dragon misses you.
You hit the komodo dragon.
Lightning courses through the komodo dragon!
The komodo dragon is moderately wounded.
You feel sick.
Your iron imp hits the komodo dragon.
You closely miss the komodo dragon.
The komodo dragon is heavily wounded.
You feel sick. The komodo dragon bites you!
Your iron imp barely misses the komodo dragon.
You hit the komodo dragon. Your kick misses the komodo dragon.
The komodo dragon is heavily wounded.
The komodo dragon bites you!!
* * * LOW HITPOINT WARNING * * *
You hit the komodo dragon but do no damage.
Your kick misses the komodo dragon.
The komodo dragon is heavily wounded.
You die...
Kikubaaqudgha rasps: "You have failed me!
Welcome... death!"

#..........[..............#.
########....#.##............
#.......##...≈).....#.
#.###.####..........#.
#...................#.
#.###.#####.........#. #.#
#.### ######....#. ..# #...#
#....#. ##.# #@#..# #....##
......l5...# #....#
.####'####.# ###### $.. .#
}|[ .# #$/} # #($ ###


You could see a komodo dragon and a friendly iron imp.

Vanquished Creatures
  2 two-headed ogres (D:12)
  Nergalle (D:10)
  An oklob plant (D:11)
  An ugly thing (D:12)
  A guardian serpent (D:12)
  2 polar bears (D:10)
  4 trolls
  A hornet (D:11)
  2 slime creatures (D:12)
  A hippogriff (D:12)
  Sigmund (D:2)
  A wyvern (D:11)
  A basilisk (D:9)
  2 hungry ghosts (D:7)
  A black bear (D:10)
  2 ice beasts
  5 orc warriors
  2 phantoms
  A sky beast (D:10)
  2 eyes of draining
  3 ogres
  A necrophage (D:10)
  7 centaurs
  4 big kobolds
  Blork the orc (D:5)
  10 bullfrogs
  2 wyvern skeletons
  A water moccasin zombie (D:6)
  3 scorpions
  3 jellies
  5 killer bees (D:8)
  3 howler monkeys
  2 centaur zombies
  An electric eel (D:12)
  5 crimson imps
  2 bullfrog zombies (D:6)
  5 hounds
  7 orc wizards
  10 orc priests
  3 bullfrog skeletons
  Jessica (D:2)
  2 centaur skeletons (D:7)
  3 iguanas
  11 worker ants
  2 hound zombies
  A howler monkey zombie (D:10)
  A howler monkey skeleton (D:5)
  5 worker ant zombies
  12 adders
  4 gnolls
  A shadow imp (D:10)
  An ooze (D:3)
  4 adder skeletons
  An adder zombie (D:6)
  A worm (D:2)
  5 dart slugs
  6 leopard geckos
  69 orcs
  3 giant cockroaches
  7 goblins
  2 hobgoblins
  2 jackals (D:6)
  4 quokkas
  2 ball python zombies (D:5)
  4 bats
  2 frilled lizards
  A giant cockroach zombie (D:5)
  24 kobolds
  2 leopard gecko zombies
  A quokka skeleton (D:8)
  A quokka zombie (D:6)
  8 rats
  A bush (D:9)
  4 plants (D:11)
310 creatures vanquished.

Vanquished Creatures (collateral kills)
  A two-headed ogre (D:8)
  2 slime creatures (D:12)
  A manticore (D:12)
  A hippogriff (D:9)
  A hungry ghost (D:12)
  An orc warrior (D:9)
  An ogre (D:7)
  3 big kobolds (D:9)
  4 bullfrogs
  4 gnoll sergeants (D:9)
  3 scorpions
  A killer bee (D:8)
  An electric eel (D:12)
  5 bullfrog zombies
  A centaur zombie (D:6)
  2 hounds
  An orc wizard (D:9)
  2 centaur skeletons
  2 hound skeletons
  A worker ant zombie (D:6)
  5 gnolls
  An adder (D:8)
  2 leopard geckos
  13 orcs
  A giant cockroach (D:3)
  A hobgoblin (D:3)
  3 jackals (D:7)
  2 quokkas
  3 kobolds
  2 leopard gecko zombies (D:6)
  A quokka skeleton (D:6)
  3 plants (D:11)
75 creatures vanquished.

Grand Total: 385 creatures vanquished

Notes
Turn   | Place    | Note
-------+----------+-------------------------------------------
     0 | D:1      | Krouwed the Demonspawn Necromancer began the quest for the
                  | Orb.
     0 | D:1      | Reached XP level 1. HP: 13/13 MP: 3/3
    13 | D:1      | Learned a level 1 spell: Animate Skeleton
   121 | D:1      | Gained mutation: You are partially covered in yellow
                  | scales. (AC +2) [demonic ancestry]
   121 | D:1      | Reached XP level 2. HP: 18/19 MP: 5/5
   356 | D:1      | Reached skill level 5 in Necromancy
   786 | D:2      | Noticed Jessica
   789 | D:2      | Killed Jessica
   789 | D:2      | Reached XP level 3. HP: 22/24 MP: 2/7
   931 | D:2      | Gained mutation: A weak demonic guardian rushes to your
                  | aid. [demonic ancestry]
   931 | D:2      | Reached XP level 4. HP: 17/30 MP: 4/8
  1239 | D:2      | Noticed a bullfrog
  1248 | D:2      | Killed a bullfrog
  1248 | D:2      | Reached skill level 6 in Necromancy
  1248 | D:2      | Gained mutation: You have sharp toenails. [demonic
                  | ancestry]
  1248 | D:2      | Reached XP level 5. HP: 30/35 MP: 9/9
  1291 | D:2      | Noticed Sigmund
  1484 | D:2      | Killed Sigmund
  1484 | D:2      | Reached skill level 7 in Necromancy
  1484 | D:2      | Reached XP level 6. HP: 36/41 MP: 9/11
  1728 | D:3      | Learned a level 3 spell: Vampiric Draining
  1733 | D:3      | Learned a level 4 spell: Animate Dead
  2967 | D:4      | Reached skill level 8 in Necromancy
  2971 | D:4      | Gained mutation: You have razor-sharp toenails. [demonic
                  | ancestry]
  2971 | D:4      | Reached XP level 7. HP: 22/46 MP: 3/13
  3351 | D:5      | Entered Level 5 of the Dungeon
  3413 | D:5      | Found Buogus's Weapon Boutique.
  3422 | D:5      | Noticed Blork the orc
  3430 | D:5      | Killed Blork the orc
  4248 | D:5      | Reached skill level 1 in Shields
  4488 | D:6      | Reached skill level 9 in Necromancy
  4676 | D:6      | Reached skill level 5 in Spellcasting
  4851 | D:6      | Gained mutation: You are mostly covered in yellow scales.
                  | (AC +3) [demonic ancestry]
  4851 | D:6      | Reached XP level 8. HP: 19/52 MP: 15/15
  5761 | D:6      | Reached skill level 1 in Fighting
  5761 | D:6      | Reached skill level 1 in Short Blades
  6634 | D:7      | Found a staircase to the Ecumenical Temple.
  6660 | D:7      | Reached XP level 9. HP: 31/62 MP: 17/17
  7396 | D:7      | Reached skill level 10 in Necromancy
  7541 | Temple   | Entered the Ecumenical Temple
  7606 | Temple   | Became a worshipper of Kikubaaqudgha
  7728 | D:8      | Learned a level 2 spell: Passwall
  8220 | D:8      | Reached * piety under Kikubaaqudgha
  8220 | D:8      | Identified Kikubaaqudgha's Catalogue of Evil Arts
                  | (Kikubaaqudgha gifted it to you on level 8 of the Dungeon)
  8220 | D:8      | Received a gift from Kikubaaqudgha
  8278 | D:8      | Noticed a two-headed ogre
  8292 | D:8      | Killed a two-headed ogre
  8465 | D:8      | Found a roughly hewn altar of Beogh.
  8760 | D:9      | Noticed a troll
  8776 | D:9      | Killed a troll
  8834 | D:9      | Found a blossoming altar of Fedhas.
  8923 | D:9      | Reached skill level 5 in Fighting
  8923 | D:9      | Reached XP level 10. HP: 27/74 MP: 13/20
  9397 | D:9      | Learned a level 2 spell: Corpse Rot
  9481 | D:9      | Reached ** piety under Kikubaaqudgha
  9555 | D:9      | Found a staircase to the Orcish Mines.
  9590 | D:9      | Reached skill level 1 in Earth Magic
  9607 | D:9      | Reached skill level 5 in Short Blades
 10266 | D:9      | Found an ornate altar of the Wu Jian Council.
 10319 | D:10     | Entered Level 10 of the Dungeon
 10534 | D:10     | Found a bloodstained altar of Trog.
 10553 | D:10     | Reached skill level 11 in Necromancy
 10874 | D:10     | Noticed Nergalle
 10878 | D:10     | Killed Nergalle
 11090 | D:10     | Gained mutation: You are robust. (+10% HP) [demonic
                  | ancestry]
 11090 | D:10     | Reached XP level 11. HP: 58/91 MP: 22/22
 11105 | D:10     | Reached *** piety under Kikubaaqudgha
 11105 | D:10     | Identified Kikubaaqudgha's Disquisition on Unholy Rites
                  | (Kikubaaqudgha gifted it to you on level 10 of the Dungeon)
 11105 | D:10     | Received a gift from Kikubaaqudgha
 11113 | D:10     | Learned a level 5 spell: Dispel Undead
 11119 | D:10     | Learned a level 5 spell: Borgnjor's Vile Clutch
 11775 | D:11     | Found a staircase to the Lair.
 11775 | D:11     | Noticed an oklob plant
 11790 | D:11     | HP: 3/91 [acid (10)]
 12369 | D:11     | Found Irykias's Armour Shop.
 12395 | D:11     | Bought a +0 pair of gloves of strength for 172 gold pieces
 12430 | D:11     | Reached skill level 5 in Earth Magic
 12619 | D:11     | Killed an oklob plant
 12730 | D:12     | Noticed a two-headed ogre
 13319 | D:12     | Found a portal to a secret trove of treasure.
 13333 | D:12     | Got a slimy quarterstaff
 13339 | D:12     | Identified the +6 quarterstaff of the Shining Light {crush,
                  | rF+ Dex+3} (You found it on level 12 of the Dungeon)
 13550 | D:12     | Killed a two-headed ogre
 13653 | D:12     | Noticed a brown ugly thing
 13668 | D:12     | Killed a brown ugly thing
 13741 | D:12     | Noticed a two-headed ogre
 13755 | D:12     | Killed a two-headed ogre
 14066 | D:12     | Reached **** piety under Kikubaaqudgha
 14071 | D:12     | HP: 1/92 [komodo dragon (28)]
 14072 | D:12     | Succumbed to a guardian serpent's bolt of poison

Levels and vault maps discovered:
D:1:      dpeg_arrival_simpleton_a, layout_rooms, minmay_pentomino_q2
D:2:      layout_loops_ring, first_ration, minivault_23, uniq_sigmund,
          uniq_jessica
D:3:      layout_basic
D:4:      layout_loops_cross
D:5:      layout_loops_cross, serial_shops, shop_statue, uniq_blork_the_orc
D:6:      layout_loops_ring, serial_undead, serial_undead_d, serial_undead_d,
          serial_undead_c, serial_undead_f, serial_undead_c, serial_undead_b,
          serial_undead_a, serial_undead_c, serial_undead_c, serial_undead_f
D:7:      layout_basic, minmay_temple_entry_steel_oval, grunt_ogre_cave
D:8:      layout_loops_ring, special_room [special_room_orc]
D:9:      layout_irregular_city, kennysheep_mini,
          kennysheep_orc_monster_closet_entryway, fedhas_bush_and_centaur_altar
D:10:     layout_stronghold, trog_ov_bears_minmay, uniq_nergalle
D:11:     layout_basic, dpeg_oklobed_lair, serial_shops, nicolae_shop_trees,
          fountainhead
D:12:     layout_basic, nicolae_trove_entry_free_sample,
          chequers_serial_rivers_micro_c, fake_guardian_serpent_vault
Temple:   compressed_dpeg_circular_temple

Skill      XL: |  1  2  3  4  5  6  7  8  9 10 11 |
---------------+----------------------------------+-----
Necromancy     | 5 6 7 8 9 10 11 | 11.5
Spellcasting   | 3 4 5 6 7 8 |  8.0
Shields        | 2 4 |  4.1
Fighting       | 2 5 6 7 |  7.4
Short Blades   | 2 4 6 |  6.8
Earth Magic    | 3 7 |  7.0
Dodging        | |  1.7
Stealth        | |  1.7

Action                   |  1- 3 |  4- 6 |  7- 9 | 10-12 || total
-------------------------+-------+-------+-------+-------++-------
Melee: Mace              |    54 |    73 |       |       ||   127
       Kick              |       |    28 |   122 |   110 ||   260
       Dagger            |       |    63 |   217 |       ||   280
       Short sword       |       |       |   274 |   404 ||   678
Throw: Dart              |       |    22 |    50 |    42 ||   114
 Cast: Pain              |    15 |     8 |    10 |    25 ||    58
       Vampiric Draining |       |     4 |    30 |    31 ||    65
       Animate Skeleton  |       |     3 |     5 |     2 ||    10
       Animate Dead      |       |     1 |    15 |    17 ||    33
       Borgnjor's Vile C |       |       |       |     8 ||     8
Invok: Receive Corpses   |       |       |     1 |     2 ||     3
Evoke: Wand              |       |       |     1 |     1 ||     2
  Use: Scroll            |       |     3 |    17 |     7 ||    27
       Potion            |       |       |     2 |     3 ||     5
 Stab: Sleeping          |     2 |     3 |     7 |     4 ||    16
       Distracted        |       |     1 |       |     4 ||     5
  Eat: Chunk             |       |     7 |    16 |    11 ||    34
       Ration            |       |       |     3 |     3 ||     6
Armor: Robe              |    16 |    40 |    58 |       ||   114
       Leather armour    |       |       |    69 |    84 ||   153
Dodge: Dodged            |    34 |   114 |   239 |   176 ||   563
Block: Buckler           |       |       |    92 |    83 ||   175

Table legend:
 A = Non-vault XP
 B = Vault XP
 C = Vault XP percentage of total XP
 D = Non-vault monster count
 E = Vault monster count
 F = Vault count percentage of total count
                 A         B        C        D         E       F
            +---------+---------+-------+---------+---------+-------
      Total |   14478 |    4341 |  23.1 |     305 |      72 |  19.1
            +---------+---------+-------+---------+---------+-------
        D:1 |      28 |       1 |   3.4 |      13 |       1 |   7.1
        D:2 |     167 |     199 |  54.4 |      20 |       2 |   9.1
        D:3 |      78 |       0 |   0.0 |      23 |       0 |   0.0
        D:4 |     269 |       0 |   0.0 |      12 |       0 |   0.0
        D:5 |     371 |      65 |  14.9 |      19 |       1 |   5.0
        D:6 |     579 |     455 |  44.0 |      25 |      21 |  45.7
        D:7 |    1240 |     110 |   8.1 |      42 |       1 |   2.3
        D:8 |    1498 |      97 |   6.1 |      33 |      20 |  37.7
        D:9 |    1779 |    1053 |  37.2 |      21 |      21 |  50.0
       D:10 |    1849 |    1373 |  42.6 |      28 |       3 |   9.7
       D:11 |    1798 |     561 |  23.8 |      33 |       1 |   2.9
       D:12 |    4822 |     427 |   8.1 |      36 |       1 |   2.7
            +---------+---------+-------+---------+---------+-------
